 Dungeon Crawl Stone Soup version 0.30.1-3-gfc49f6343a (webtiles) character file.

Game seed: 2561417798967638360

4055 CaptainMV the Thaumaturge (level 10, -3/68 HPs)
             Began as a Demonspawn Wanderer on July 25, 2023.
             Was a Believer of Sif Muna.
             Slain by an orc warrior
             ... wielding a +0 battleaxe
              (12 damage)
             ... on level 8 of the Dungeon.
             The game lasted 01:16:05 (5015 turns).

CaptainMV the Thaumaturge (Demonspawn Wanderer)     Turns: 5015, Time: 01:16:06

Health: -3/68      AC: 17    Str: 18    XL:     10   Next: 4%
Magic:  0/22       EV: 11    Int: 16    God:    Sif Muna [**....]
Gold:   275        SH:  0    Dex: 12    Spells: 20/26 levels left

rFire   . . .        a - +3 spear
rCold   + . .        i - orb {light}
rNeg    . . .        r - +1 ring mail {rC+}
rPois   .            (no helmet)
rElec   .            l - scarf {repulsion}
rCorr   .            d - +0 pair of gloves {Str+3}
SInv    .            (no boots)
Will    .....        (no amulet)
Stlth   +            (no ring)
HPRegen 0.31/turn    (no ring)
MPRegen 0.18/turn

%: repel missiles
@: sanguine armoured, glowing
A: demonic guardian 2, sanguine armour 2, demonic touch 1
a: Renounce Religion, Channel Magic


You were on level 8 of the Dungeon.
You worshipped Sif Muna.
Sif Muna was pleased with you.
You visited 2 branches of the dungeon, and saw 9 of its levels.
You also visited: Sewer.

You collected 275 gold pieces.

Inventory:

Hand Weapons
 a - a +3 spear (weapon)
 b - the +5 war axe of Summertime {drain, rElec Int-4 Dex+8}
   (You found it on level 3 of the Dungeon)

   Int:       It affects your intelligence (-4).
   Dex:       It affects your dexterity (+8).
   rElec:     It insulates you from electricity.
Missiles
 e - 5 boomerangs
 f - 30 poisoned darts (quivered)
Armour
 d - a +0 pair of gloves of strength (worn)
 i - an orb of light (worn)
 l - a scarf of repulsion (worn)
 r - a +1 ring mail of cold resistance (worn)
 B - a +0 ring mail
Magical Staves
 w - a staff of air
Jewellery
 q - an amulet of faith
Wands
 x - a wand of mindburst (10)
 y - a wand of flame (15)
Scrolls
 c - 2 scrolls of blinking
 j - 6 scrolls of teleportation
 m - a scroll of enchant weapon
 p - a scroll of fog
 D - a scroll of fear
Potions
 g - 2 potions of attraction
 h - 2 potions of berserk rage
 k - 3 potions of curing
 n - 2 potions of haste
 o - 6 potions of brilliance
 s - a potion of cancellation
 t - 5 potions of mutation
 u - 2 potions of invisibility
 v - 2 potions of might
 A - a potion of ambrosia {unknown}


   Skills:
 + Level 2.7 Fighting
 + Level 3.1(4.0) Axes
 + Level 3.7(4.3) Polearms
 + Level 0.6 Throwing
 + Level 4.7 Armour
 + Level 2.6 Dodging
 + Level 1.0 Stealth
 + Level 8.5 Spellcasting
 + Level 7.4 Necromancy
 + Level 4.0 Ice Magic
 + Level 1.0 Evocations


You had 20 spell levels left.
You knew the following spells:

 Your Spells              Type           Power      Damage    Failure   Level
a - Freeze                Ice            76%        1d8       3%          1
b - Necrotise             Necr           100%       1d9       1%          1
c - Dispel Undead         Necr           30%        3d14      9%          4

Your spell library contained the following spells:

 Spells                   Type           Power      Damage    Failure   Level
 Kiss of Death            Conj/Necr      72%        2d10      3%          1
 Cigotuvi's Dreadful Rot  Necr/Pois/Air  28%        N/A       10%         2
 Ozocubu's Armour         Ice            19%        N/A       11%         3
 Apportation              Tloc           12%        N/A       19%         1
 Beastly Appendage        Tmut           12%        N/A       19%         1
 Summon Small Mammal      Summ           24%        N/A       19%         1
 Wereblood                Tmut           6%         N/A       26%         2
 Confusing Touch          Hex            6%         N/A       47%         3
 Ignite Poison            Fire/Tmut/Pois 6%         N/A       47%         3
 Spider Form              Tmut/Pois      6%         N/A       47%         3
 Death Channel            Necr           15%        N/A       77%         6
 Freezing Cloud           Conj/Ice/Air   5%         6-21      96%         5


Dungeon Overview and Level Annotations

Branches:
Dungeon (8/15)             Temple (1/1) D:4           Sewer (visited)
   Lair: D:8-11

Altars:
Ashenzari
Cheibriados
Gozag
Hepliaklqana
Kikubaaqudgha
Nemelex Xobeh
Okawaru
Sif Muna
Trog
Uskayaw
Vehumet
Wu Jian
Yredelemnul

Annotations:
D:7 2 transporters, Anriel's ghost, novice DECj


Innate Abilities, Weirdness & Mutations

A demonic guardian rushes to your aid.
When seriously injured, your blood forms thick armour. (AC +9)
Your touch may inflict minor irresistible damage on your foes.


Message History

The orc warrior hits you with a +0 battleaxe.
You barely miss the orc warrior.
The orc warrior is moderately wounded.
You hit the orc warrior but do no damage.
The orc warrior is moderately wounded.
The orc warrior barely misses you.
You closely miss the orc warrior.
The orc warrior is moderately wounded.
The orc warrior closely misses you.
You hit the orc warrior.
The orc warrior is moderately wounded.
The orc warrior hits you with a +0 battleaxe.
You hit the orc warrior.
The orc warrior is moderately wounded.
The orc warrior hits you with a +0 battleaxe.
* * * LOW HITPOINT WARNING * * *
Casting: Necrotise (safe; 1% risk of failure)
Confirm with . or Enter, or press ? or * to list all spells.
Aiming: Necrotise (safe; 1% risk of failure)
Press: ? - help, Shift-Dir - straight line, f - orc warrior
Aim: an orc warrior, wielding a +0 battleaxe and wearing a +0 chain mail (moderately wounded, haloed, chance to affect: 83%)
The orc warrior writhes in agony.
A boulder beetle comes into view.
The orc warrior hits you with a +0 battleaxe!
* * * LOW HITPOINT WARNING * * *
A demonic guardian appears!
Casting: Necrotise (safe; 1% risk of failure)
Confirm with . or Enter, or press ? or * to list all spells.
Aiming: Necrotise (safe; 1% risk of failure)
Press: ? - help, Shift-Dir - straight line, f/p - orc warrior
Aim: an orc warrior, wielding a +0 battleaxe and wearing a +0 chain mail (heavily wounded, ally target, haloed, chance to affect: 83%)
The orc warrior writhes in agony.
The orc warrior misses you. The orc warrior misses your hellwing.
The boulder beetle curls into a ball and begins rolling!
Your hellwing hits the orc warrior.
Your hellwing barely misses the orc warrior.
You puncture the orc warrior!
The orc warrior is almost dead.
The orc warrior hits you with a +0 battleaxe!
You die...

#.#####.# ##Z#
#.#####Z# #..#
...Z....# #†###
#.#####.####
##'.## #.#
###...# #...##
.4#
....###...#####
..#
.....###......##
#.#####
..B..4.##......##
....4.#
#o@#.......#
#.###.##
##)).......#
#......#
###.......#
#####4###
##.....### #....#
##...##.# #..###
######.# #..##
.$.##<# ##...#
#.[.#..# ##.#.##
#####.>#


You could see a boulder beetle (rolling), an orc warrior (ally target) and a
friendly hellwing (summoned).

Vanquished Creatures
  2 kobold demonologists (D:6)
  A wyvern (D:8)
  An acid dragon (D:8)
  A water moccasin (D:6)
  3 ice beasts
  3 sky beasts
  4 black bears (D:6)
  An ogre (D:4)
  2 centaurs
  4 kobold brigands
  A bullfrog (D:8)
  2 scorpions (D:5)
  A wight (D:8)
  5 killer bees
  A howler monkey (D:8)
  A hound (D:4)
  A jelly (D:6)
  7 orc priests
  A sleepcap (D:8)
  Natasha (thrice) (D:2)
  Terence (D:2)
  2 iguanas
  2 orc wizards
  7 adders
  2 white imps
  3 worms
  26 orcs
  7 endoplasms
  4 giant cockroaches
  10 goblins
  10 hobgoblins
  2 jackals (D:5)
  7 quokkas
  9 ball pythons
  5 bats
  6 frilled lizards
  31 kobolds
  8 rats
187 creatures vanquished.

Vanquished Creatures (collateral kills)
  A wyvern (D:8)
  Edmund (D:6)
  An acid dragon (D:8)
  A sky beast (D:7)
  A scorpion (D:5)
  A sleepcap (D:7)
  2 shadow imps
  A ball python (Sewer)
  A goblin (D:1)
  6 kobolds (D:6)
16 creatures vanquished.

Grand Total: 203 creatures vanquished

Notes
Turn   | Place    | Note
-------+----------+-------------------------------------------
     0 | D:1      | CaptainMV the Demonspawn Wanderer began the quest for the
                  | Orb.
     0 | D:1      | CaptainMV set off with the following items: a +2 spear, a
                  | +0 ring mail, a scroll of blinking; and the following spell
                  | memorised: Freeze; and the following spells available to
                  | memorise: Ozocubu's Armour.
     0 | D:1      | Reached XP level 1. HP: 15/15 MP: 4/4
    83 | D:1      | Gained mutation: When seriously injured, your blood forms
                  | armour. (AC +9) [demonic ancestry]
    83 | D:1      | Reached XP level 2. HP: 3/21 MP: 0/6
   569 | D:2      | Noticed Natasha
   588 | D:2      | Killed Natasha
   589 | D:2      | Reached skill level 1 in Ice Magic
   589 | D:2      | Reached XP level 3. HP: 15/26 MP: 0/8
   607 | D:2      | Noticed Natasha
   623 | D:2      | Killed Natasha
   624 | D:2      | Reached XP level 4. HP: 11/32 MP: 1/9
   752 | D:2      | Noticed Natasha
   767 | D:2      | Killed Natasha
   768 | D:2      | Reached skill level 4 in Spellcasting
   875 | D:2      | Noticed Terence
   903 | D:2      | Killed Terence
   904 | D:2      | Gained mutation: When seriously injured, your blood forms
                  | thick armour. (AC +9) [demonic ancestry]
   904 | D:2      | Reached XP level 5. HP: 9/37 MP: 0/11
  1338 | D:3      | Identified the +5 war axe of Summertime {drain, rElec Int-4
                  | Dex+8}
  1522 | D:3      | Gained mutation: A weak demonic guardian rushes to your
                  | aid. [demonic ancestry]
  1522 | D:3      | Reached XP level 6. HP: 28/43 MP: 3/12
  1724 | D:4      | Found a staircase to the Ecumenical Temple.
  1745 | D:4      | Reached skill level 1 in Axes
  1839 | D:4      | Noticed a sky beast
  1854 | D:4      | Killed a sky beast
  1898 | D:4      | Reached skill level 1 in Dodging
  1898 | D:4      | Found a glowing drain.
  1907 | Sewer    | Entered a sewer
  1927 | Sewer    | Learned a level 1 spell: Necrotise
  1943 | Sewer    | Gained mutation: A demonic guardian rushes to your aid.
                  | [demonic ancestry]
  1943 | Sewer    | Reached XP level 7. HP: 32/48 MP: 1/14
  2156 | Sewer    | Reached skill level 5 in Spellcasting
  2156 | Sewer    | Reached skill level 1 in Necromancy
  2314 | Temple   | Entered the Ecumenical Temple
  2365 | Temple   | Became a worshipper of Sif Muna the Loreminder
  2424 | D:5      | Entered Level 5 of the Dungeon
  2808 | D:5      | Reached XP level 8. HP: 39/55 MP: 1/16
  2869 | D:5      | Found a sparkling altar of Nemelex Xobeh.
  3125 | D:6      | Reached skill level 6 in Spellcasting
  3194 | D:6      | Noticed Edmund
  3210 | D:6      | Killed Edmund
  3470 | D:6      | Reached * piety under Sif Muna
  3471 | D:6      | Noticed a kobold demonologist
  3477 | D:6      | Noticed a kobold demonologist
  3490 | D:6      | Killed a kobold demonologist
  3491 | D:6      | Reached skill level 5 in Necromancy
  3495 | D:6      | Killed a kobold demonologist
  3496 | D:6      | Reached XP level 9. HP: 44/62 MP: 0/19
  3503 | D:6      | Reached skill level 7 in Spellcasting
  3711 | D:6      | Reached skill level 1 in Stealth
  4044 | D:6      | Learned a level 4 spell: Dispel Undead
  4156 | D:7      | Found a transporter.
  4160 | D:7      | Noticed Anriel's ghost (novice DECj)
  4160 | D:7      | Noticed a moth of wrath
  4182 | D:7      | Found a transporter.
  4603 | D:7      | Reached ** piety under Sif Muna
  4904 | D:8      | Found an opulent altar of Gozag.
  4923 | D:8      | Reached skill level 8 in Spellcasting
  4926 | D:8      | Found a runed translucent door.
  4998 | D:8      | Gained mutation: Your touch may inflict minor irresistible
                  | damage on your foes. [demonic ancestry]
  4998 | D:8      | Reached XP level 10. HP: 33/68 MP: 5/22
  5013 | D:8      | Noticed a boulder beetle
  5015 | D:8      | Slain by an orc warrior

Illustrated notes

Levels and vault maps discovered:
D:1:      matt_arrival_grand_opening, layout_basic, item_on_display_a
D:2:      layout_rooms, uniq_terence, uniq_natasha
D:3:      layout_basic, minmay_quadrilaterals
D:4:      layout_cave_pools, minmay_temple_entry_crystal_x, portal_sewer_entry_d
D:5:      old_forge, layout_basic, makhleb_heckhound_becter,
          nemelex_diamond_rough_becter
D:6:      layout_loops_ring, nicolae_elevator_lobby_plus, uniq_edmund
D:7:      layout_loops_cross, gammafunk_ghost_berserking_beasts
D:8:      cheibrodos_histonic, layout_loops_ring, overflow_temple_1_default,
          nicolae_ru_awakened_eye
Temple:   nicolae_temple_great_sept

Skill      XL: |  1  2  3  4  5  6  7  8  9 |
---------------+----------------------------+-----
Armour         | 2 3 4 |  4.7
Ice Magic      | 1 2 3 4 |  4.0
Polearms       | 3 |  3.7
Spellcasting   | 4 5 6 8 |  8.5
Axes           | 1 2 3 |  3.1
Dodging        | 1 2 |  2.6
Necromancy     | 3 5 7 |  7.4
Fighting       | 2 |  2.7
Stealth        | 1 |  1.0
Throwing       | |  0.6
Evocations     | |  1.0

Action                     |  1- 3 |  4- 6 |  7- 9 | 10-12 || total
---------------------------+-------+-------+-------+-------++-------
  Melee: Spear             |    61 |    78 |    84 |    11 ||   234
         Punch             |     1 |       |       |       ||     1
         War axe           |       |    14 |    64 |       ||    78
  Throw: Dart              |     5 |    16 |     3 |       ||    24
         Boomerang         |     1 |     5 |       |       ||     6
   Cast: Freeze            |    22 |   103 |    28 |       ||   153
         Necrotise         |       |     1 |   212 |     4 ||   217
         Dispel Undead     |       |       |       |     1 ||     1
  Evoke: Wand              |       |       |     3 |       ||     3
    Use: Scroll            |     5 |     2 |     9 |       ||    16
   Stab: Distracted        |       |     2 |     1 |       ||     3
 Armour: Ring mail         |    46 |    75 |   173 |     5 ||   299
  Dodge: Dodged            |    43 |   100 |   218 |     6 ||   367
         Repelled          |       |       |     3 |     1 ||     4
